 Dungeon Crawl Stone Soup version 0.21.1-1-g345015f (webtiles) character file.

1509 Mgcat the Charmwright (level 8, 0/64 HPs)
             Began as a Gnoll Wanderer on Feb 7, 2018.
             Was a Follower of Ashenzari.
             Slain by an orc warrior
             ... wielding a +0 dire flail
              (10 damage)
             ... on level 6 of the Dungeon.
             The game lasted 00:11:17 (5313 turns).

Mgcat the Charmwright (Gnoll Wanderer)              Turns: 5313, Time: 00:11:17

Health: 0/64       AC:  6    Str: 18    XL:     8   Next: 82%
Magic:  4/13       EV: 14    Int: 14    God:    Ashenzari [*.....]
Gold:   222        SH:  0    Dex: 22    Spells: 8/14 levels left

rFire    x . .     SeeInvis .   z - +7 flail (drain)
rCold    + . .     Gourm    .   (no shield)
rNeg     . . .     Faith    .   p - +1 leather armour
rPois    +         Spirit   .   (no helmet)
rElec    .         Reflect  .   (no cloak)
rCorr    .         Harm     .   (no gloves)
MR       .....                  y - +1 pair of boots
Stlth    +++.......             (no amulet)
HPRegen  0.20/turn              t - ring "Ofeul" {Ice Str+2 Dex+6}
MPRegen  0.13/turn              r - ring of poison resistance {rPois, !d}

@: infused, singing, very slightly contaminated
A: distributed training, fangs 1, strong nose
a: Curse Item, Scrying, Renounce Religion


You were on level 6 of the Dungeon.
You worshipped Ashenzari.
Ashenzari was aware of your devotion.
You were not hungry.

You visited 2 branches of the dungeon, and saw 7 of its levels.

You collected 222 gold pieces.

Inventory:

Hand Weapons
 e - a +0 club
 f - a +0 dagger
 v - a +0 morningstar
   (You took it off an orc on level 3 of the Dungeon)
 z - a +7 flail of draining (weapon)
   (You took it off an orc on level 3 of the Dungeon)
Armour
 d - a +0 robe
 p - a +1 leather armour (worn)
   (You found it on level 2 of the Dungeon)
 y - a +1 pair of boots (worn)
   (You found it on level 3 of the Dungeon)
Jewellery
 q - a +3 ring of intelligence
   (You found it on level 2 of the Dungeon)
 r - a ring of poison resistance (right hand) {rPois, !d}
   (You found it on level 2 of the Dungeon)
 t - the ring "Ofeul" (left hand) {Ice Str+2 Dex+6}
   (You found it on level 4 of the Dungeon)

   [ring of ice]

   It enhances your ice magic.
   It affects your strength (+2).
   It affects your dexterity (+6).
   It makes you vulnerable to fire.
   It protects you from cold.
 w - an uncursed ring of see invisible {sInv, !d}
   (You found it on level 5 of the Dungeon)
 A - an uncursed ring of positive energy {rN+}
   (You found it on level 3 of the Dungeon)
 B - an uncursed ring of protection from cold {rC+, !d}
   (You found it on level 4 of the Dungeon)
Wands
 c - a wand of random effects (30)
 o - a wand of flame (24)
   (You took it off Eustachio on level 4 of the Dungeon)
Scrolls
 j - 3 scrolls of amnesia
 k - 5 scrolls of identify
 s - 4 scrolls of teleportation
 u - 3 scrolls of remove curse
Potions
 b - a potion of curing
 l - a potion of haste {unknown}
 m - 3 potions of heal wounds
 n - 2 potions of flight {unknown}
 x - a potion of brilliance {unknown}
Books
 a - a book of Battle
 i - the Reference Book on the Mutagenic Escort
   (You found it on level 6 of the Dungeon)

   Spells                             Type                      Level
   a - Recall                         Summoning/Translocation      3
   b - Call Canine Familiar           Summoning                    3
   c - Spider Form                    Transmutation/Poison         3
   d - Aura of Abjuration             Summoning                    5
   e - Statue Form                    Transmutation/Earth          6
Comestibles
 g - 13 rations


   Skills:
 + Level 5.8 Fighting
 + Level 3.5 Short Blades
 + Level 3.5 Long Blades
 + Level 3.5 Axes
 + Level 3.5 Maces & Flails
 + Level 3.5 Polearms
 + Level 3.5 Staves
 + Level 3.5 Slings
 + Level 3.5 Bows
 + Level 3.5 Crossbows
 + Level 3.5 Throwing
 + Level 3.5 Armour
 + Level 3.5 Dodging
 + Level 5.5 Stealth
 + Level 3.5 Shields
 + Level 3.5 Unarmed Combat
 + Level 3.5 Spellcasting
 + Level 2.9 Conjurations
 + Level 2.9 Hexes
 + Level 6.2 Charms
 + Level 2.9 Summonings
 + Level 2.9 Necromancy
 + Level 2.9 Translocations
 + Level 2.9 Transmutations
 + Level 2.9 Fire Magic
 + Level 2.9 Ice Magic
 + Level 2.9 Air Magic
 + Level 4.8 Earth Magic
 + Level 2.9 Poison Magic
 + Level 3.9 Invocations
 + Level 4.4 Evocations


You had 8 spell levels left.
You knew the following spells:

 Your Spells              Type           Power        Failure   Level  Hunger
a - Infusion              Chrm           ###.         1%          1    #......
b - Song of Slaying       Chrm           ###.....     2%          2    ##.....
c - Regeneration          Chrm/Necr      ###.......   11%         3    ###....


Dungeon Overview and Level Annotations

Branches:
Dungeon (6/15)             Temple (1/1) D:4

Altars:
Ashenzari
Cheibriados
Dithmenos
Elyvilon
Fedhas
Gozag
Hepliaklqana
Kikubaaqudgha
Nemelex Xobeh
Okawaru
Qazlal
Ru
Sif Muna
Trog
Vehumet
Yredelemnul
Zin
The Shining One

Annotations:
D:6 exclusion: Blork the orc, Blork the orc


Innate Abilities, Weirdness & Mutations

Your experience applies equally to all skills.
You have very sharp teeth.
Your uncanny sense of smell can sniff out nearby items.


Message History

You kill the orc wizard!
Your song has ended.
The orc wizard hits you but does no damage.
The orc wizard hits you with a dagger.
You hit the orc wizard! You drain the orc wizard! You bite the orc wizard.
The orc wizard is almost dead.
The orc wizard begins to cast a cantrip, but forgets the words!
The orc wizard closely misses you.
You closely miss the orc wizard.
The orc wizard is almost dead.
The orc wizard hits you but does no damage.
The orc wizard casts a spell at you. The puff of frost hits you! You resist.
You completely miss the orc wizard.
You bite the orc wizard, but do no damage.
The orc wizard is almost dead.
The orc wizard gestures at you while chanting.
The puff of frost hits you! You resist. The orc wizard casts a spell at you.
The magic dart hits you!
You sock the orc wizard!!
You kill the orc wizard!
You are no longer magically infusing your attacks.
Things that are here:
an uncursed dagger; an uncursed robe
Things that are here:
an uncursed dagger; an uncursed robe You start resting.
Magic restored.
HP restored.
g - 13 rations (gained 1) Some of the chunks of flesh in your inventory have rotted away.
You now have 222 gold pieces (gained 8).
i - the Reference Book on the Mutagenic Escort
Okay, then.
Unknown command.
Unknown command.
Some of the chunks of flesh in your inventory have rotted away.
Eating a chunk of flesh {@w0}.
You eat the chunk of flesh {@w0}.
This raw flesh tastes terrible.
You found a shaft!
An orc comes into view. It is wielding a hand axe.
An orc is nearby!
An orc and an orc warrior come into view.
Casting: Regeneration
Confirm with . or Enter, or press ? or * to list all spells.
You begin infusing your attacks with magical energy.
The orc warrior shouts!
The orc warrior throws a tomahawk.
The tomahawk hits you!
An orc priest and a skeleton come into view.
Casting: Infusion
Confirm with . or Enter, or press ? or * to list all spells.
You start singing a song of slaying.
The orc shouts!
The orc priest shouts!
A quokka and an orc come into view.
Ashenzari warns you: The orc is wielding a hand axe of flaming.
Casting: Song of Slaying
Confirm with . or Enter, or press ? or * to list all spells.
You miscast Regeneration.
You are very lightly contaminated with residual magic.
Your hands glow momentarily.
The orc shouts!
You sock the orc!
You kill the orc!
The orc warrior throws a tomahawk.
The tomahawk barely misses you. The orc hits you but does no damage.
You sock the howler monkey skeleton!!
You destroy the howler monkey skeleton!
The orc closely misses you.
The orc warrior throws a tomahawk.
The tomahawk barely misses you.
You sock the orc!
You kill the orc!
The orc warrior throws a tomahawk.
The tomahawk hits you.
You thump the quokka!!
You kill the quokka!
The orc warrior throws a tomahawk.
The tomahawk completely misses you.
The orc priest calls down the wrath of Beogh upon you.
Beogh smites you!
You are too injured to fight recklessly!
You are too injured to fight recklessly!
You are too injured to fight recklessly!
You are too injured to fight recklessly!
Things that are here:
an uncursed hand axe; an orc corpse The orc closely misses you.
The orc warrior hits you with a dire flail!
The orc priest hits you with a short sword.
You completely miss the orc priest.
The orc hits you with a hand axe of flaming.
The orc burns you. The orc warrior barely misses you.
The orc priest closely misses you.
You barely miss the orc priest.
The orc priest hits you with a short sword.
* * * LOW HITPOINT WARNING * * *
The orc hits you with a hand axe of flaming!
* * * LOW HITPOINT WARNING * * *
The orc burns you.
* * * LOW HITPOINT WARNING * * *
The orc warrior hits you with a dire flail!
You die...

...............
............)..
...............
#..............
#............).
#............ #
#.o........ #
##@o...... .
##o)####.##..#
## ##.(##
...###.. #.(##
........# ##.##
......## ##..#
## #......
#..## #. #.....
#..## #.##
#..... #.^.##
#..# #.....


You could see an orc warrior, an orc priest and an orc.

Vanquished Creatures
  Grinder (D:5)
  The ghost of Frank the Slasher, an amateur OpFi of Wu Jian (D:3)
  Eustachio (D:4)
  A steam dragon (D:4)
  An ice beast (D:6)
  An ogre (D:4)
  A bullfrog (D:6)
  3 wights (D:6)
  A howler monkey (D:4)
  A crimson imp (D:5)
  2 hounds
  2 orc wizards (D:6)
  A jelly (D:6)
  2 worker ants (D:5)
  An iguana (D:4)
  3 gnolls (D:4)
  8 adders
  A howler monkey skeleton (D:6)
  A shadow imp (D:5)
  An adder skeleton (D:4)
  A worm (D:3)
  2 leopard geckos
  17 orcs
  A bat (D:1)
  4 giant cockroaches
  5 goblins
  A hobgoblin (D:1)
  10 jackals
  6 kobolds
  3 quokkas
  4 frilled lizards
  4 rats
92 creatures vanquished.

Notes
Turn   | Place    | Note
-------+----------+-------------------------------------------
     0 | D:1      | Mgcat the Gnoll Wanderer began the quest for the Orb.
     0 | D:1      | Mgcat set off with: a book of Battle, a potion of curing, a wand of random effects (15), a +0 robe, a +0 club, a +0 dagger, a ration
     0 | D:1      | Reached XP level 1. HP: 20/20 MP: 2/2
   122 | D:1      | Reached XP level 2. HP: 26/26 MP: 3/3
   128 | D:1      | Learned a level 1 spell: Infusion
  1044 | D:2      | Reached XP level 3. HP: 30/31 MP: 1/4
  1467 | D:3      | Found a shadowy altar of Dithmenos.
  1524 | D:3      | Reached skill level 1 in Invocations
  1683 | D:3      | Noticed Frank's ghost (amateur OpFi)
  1688 | D:3      | Killed Frank's ghost
  1688 | D:3      | Reached skill level 1 in Short Blades
  1688 | D:3      | Reached skill level 1 in Long Blades
  1688 | D:3      | Reached skill level 1 in Axes
  1688 | D:3      | Reached skill level 1 in Maces & Flails
  1688 | D:3      | Reached skill level 1 in Polearms
  1688 | D:3      | Reached skill level 1 in Staves
  1688 | D:3      | Reached skill level 1 in Slings
  1688 | D:3      | Reached skill level 1 in Bows
  1688 | D:3      | Reached skill level 1 in Crossbows
  1688 | D:3      | Reached skill level 1 in Throwing
  1688 | D:3      | Reached skill level 1 in Armour
  1688 | D:3      | Reached skill level 1 in Dodging
  1688 | D:3      | Reached skill level 1 in Shields
  1688 | D:3      | Reached skill level 1 in Unarmed Combat
  1688 | D:3      | Reached skill level 1 in Spellcasting
  1688 | D:3      | Reached skill level 1 in Conjurations
  1688 | D:3      | Reached skill level 1 in Hexes
  1688 | D:3      | Reached skill level 1 in Summonings
  1688 | D:3      | Reached skill level 1 in Necromancy
  1688 | D:3      | Reached skill level 1 in Translocations
  1688 | D:3      | Reached skill level 1 in Transmutations
  1688 | D:3      | Reached skill level 1 in Fire Magic
  1688 | D:3      | Reached skill level 1 in Ice Magic
  1688 | D:3      | Reached skill level 1 in Air Magic
  1688 | D:3      | Reached skill level 4 in Earth Magic
  1688 | D:3      | Reached skill level 1 in Poison Magic
  1688 | D:3      | Reached skill level 2 in Invocations
  1688 | D:3      | Reached skill level 3 in Evocations
  1688 | D:3      | Reached XP level 4. HP: 38/38 MP: 4/6
  1688 | D:3      | Reached XP level 5. HP: 43/43 MP: 4/7
  1688 | D:3      | Reached XP level 6. HP: 50/50 MP: 4/8
  1819 | D:3      | Learned a level 2 spell: Song of Slaying
  1823 | D:3      | Learned a level 3 spell: Regeneration
  2408 | D:3      | Found a stormy altar of Qazlal.
  2549 | D:4      | Noticed a steam dragon
  2559 | D:4      | Killed a steam dragon
  2559 | D:4      | Reached skill level 5 in Fighting
  2559 | D:4      | Reached skill level 2 in Short Blades
  2559 | D:4      | Reached skill level 2 in Long Blades
  2559 | D:4      | Reached skill level 2 in Axes
  2559 | D:4      | Reached skill level 2 in Maces & Flails
  2559 | D:4      | Reached skill level 2 in Polearms
  2559 | D:4      | Reached skill level 2 in Staves
  2559 | D:4      | Reached skill level 2 in Slings
  2559 | D:4      | Reached skill level 2 in Bows
  2559 | D:4      | Reached skill level 2 in Crossbows
  2559 | D:4      | Reached skill level 2 in Throwing
  2559 | D:4      | Reached skill level 2 in Armour
  2559 | D:4      | Reached skill level 2 in Dodging
  2559 | D:4      | Reached skill level 2 in Shields
  2559 | D:4      | Reached skill level 2 in Unarmed Combat
  2559 | D:4      | Reached skill level 2 in Spellcasting
  2564 | D:4      | Reached XP level 7. HP: 31/56 MP: 3/10
  2838 | D:4      | Found a staircase to the Ecumenical Temple.
  2843 | Temple   | Entered the Ecumenical Temple
  2920 | Temple   | Became a worshipper of Ashenzari the Shackled
  2994 | D:4      | Noticed Eustachio
  3021 | D:4      | Killed Eustachio
  3021 | D:4      | Reached skill level 2 in Conjurations
  3021 | D:4      | Reached skill level 2 in Hexes
  3021 | D:4      | Reached skill level 2 in Summonings
  3021 | D:4      | Reached skill level 2 in Necromancy
  3021 | D:4      | Reached skill level 2 in Translocations
  3021 | D:4      | Reached skill level 2 in Transmutations
  3021 | D:4      | Reached skill level 2 in Fire Magic
  3021 | D:4      | Reached skill level 2 in Ice Magic
  3021 | D:4      | Reached skill level 2 in Air Magic
  3021 | D:4      | Reached skill level 2 in Poison Magic
  3230 | D:4      | Reached skill level 5 in Stealth
  3352 | D:4      | Reached skill level 3 in Invocations
  3433 | D:4      | Identified the ring "Ofeul" {Ice Str+2 Dex+6}
  3715 | D:5      | Entered Level 5 of the Dungeon
  3941 | D:5      | Reached XP level 8. HP: 60/63 MP: 8/12
  3985 | D:5      | Found a hazy altar of Hepliaklqana.
  3992 | D:5      | Reached skill level 6 in Charms
  4053 | D:5      | Noticed Grinder
  4060 | D:5      | Killed Grinder
  4060 | D:5      | Reached skill level 3 in Short Blades
  4060 | D:5      | Reached skill level 3 in Long Blades
  4060 | D:5      | Reached skill level 3 in Axes
  4060 | D:5      | Reached skill level 3 in Maces & Flails
  4060 | D:5      | Reached skill level 3 in Polearms
  4060 | D:5      | Reached skill level 3 in Staves
  4060 | D:5      | Reached skill level 3 in Slings
  4060 | D:5      | Reached skill level 3 in Bows
  4060 | D:5      | Reached skill level 3 in Crossbows
  4060 | D:5      | Reached skill level 3 in Throwing
  4060 | D:5      | Reached skill level 3 in Armour
  4060 | D:5      | Reached skill level 3 in Dodging
  4060 | D:5      | Reached skill level 3 in Shields
  4060 | D:5      | Reached skill level 3 in Unarmed Combat
  4060 | D:5      | Reached skill level 3 in Spellcasting
  4060 | D:5      | Reached skill level 4 in Evocations
  4810 | D:6      | Reached * piety under Ashenzari
  4810 | D:6      | Found a blossoming altar of Fedhas.
  4836 | D:6      | Noticed Blork the orc
  5090 | D:6      | Found a sparkling altar of Nemelex Xobeh.
  5226 | D:6      | Identified the Reference Book on the Mutagenic Escort
  5313 | D:6      | HP: 11/64 [orc/hand axe of flaming (7)]
  5313 | D:6      | Slain by an orc warrior

Skill      XL: |  1  2  3  4  5  6  7  8 |
---------------+-------------------------+-----
Invocations    | 2 3 |  3.9
Short Blades   | 1 2 3 |  3.5
Long Blades    | 1 2 3 |  3.5
Axes           | 1 2 3 |  3.5
Maces & Flails | 1 2 3 |  3.5
Polearms       | 1 2 3 |  3.5
Staves         | 1 2 3 |  3.5
Slings         | 1 2 3 |  3.5
Bows           | 1 2 3 |  3.5
Crossbows      | 1 2 3 |  3.5
Throwing       | 1 2 3 |  3.5
Armour         | 1 2 3 |  3.5
Dodging        | 1 2 3 |  3.5
Shields        | 1 2 3 |  3.5
Unarmed Combat | 1 2 3 |  3.5
Spellcasting   | 1 2 3 |  3.5
Conjurations   | 1 2 |  2.9
Hexes          | 1 2 |  2.9
Summonings     | 1 2 |  2.9
Necromancy     | 1 2 |  2.9
Translocations | 1 2 |  2.9
Transmutations | 1 2 |  2.9
Fire Magic     | 1 2 |  2.9
Ice Magic      | 1 2 |  2.9
Air Magic      | 1 2 |  2.9
Earth Magic    | 4 |  4.8
Poison Magic   | 1 2 |  2.9
Evocations     | 3 4 |  4.4
Fighting       | 5 |  5.8
Stealth        | 5 |  5.5
Charms         | 6 |  6.2

Action                   |  1- 3 |  4- 6 |  7- 9 || total
-------------------------+-------+-------+-------++-------
Melee: Dagger            |   144 |       |       ||   144
       Bite              |    12 |     3 |     9 ||    24
       Flail             |       |    23 |   114 ||   137
       Morningstar       |       |    21 |       ||    21
       Punch             |       |     1 |     3 ||     4
 Cast: Infusion          |    12 |     5 |    18 ||    35
       Regeneration      |       |       |     5 ||     5
       Song of Slaying   |       |       |     2 ||     2
Evoke: Wand              |     2 |     1 |       ||     3
  Use: Scroll            |       |       |    14 ||    14
 Stab: Sleeping          |     4 |     2 |     7 ||    13
  Eat: Chunk             |     3 |     3 |    10 ||    16
Armor: Robe              |    24 |       |       ||    24
       Leather armour    |     8 |    11 |    39 ||    58
Dodge: Dodged            |    90 |    42 |   113 ||   245

Vault maps used:
D:1:      dpeg_arrival_shelter
D:3:      nicolae_qazlal_eye_of_the_storm, serial_co_window_serial,
          co_window_paths_a, co_window_paths_a, co_window_corner_a,
          co_window_paths_b, co_window_corner_a, co_window_paths_a,
          co_window_paths_a, co_window_paths_c, co_window_unsneaky_path_a,
          co_window_2corner, co_window_broadway_b, co_window_of_opportunity_c,
          co_window_paths_e, co_window_paths_d, glass_columns_a,
          glass_columns_a, nicolae_dithmenos_through_a_glass_darkly
D:4:      minmay_temple_entry_crystal_x, first_ration,
          kennysheep_generic_room_15, uniq_eustachio
D:5:      nicolae_overflow_crystal_walls, uniq_grinder
D:6:      lemuel_upstairs_altar, nemelex_xobeh_ov_fountains_minmay,
          fedhas_altar_3, uniq_blork_the_orc
Temple:   minmay_crystal_spiral_temple

Table legend:
 A = Turns spent in this place as a percentage of turns spent in the entire game.
 B = Non-inter-level travel turns spent in this place as a percentage of non-inter-level travel turns spent in the entire game.
 C = Inter-level travel turns spent in this place as a percentage of turns spent in this place.
 D = Turns resting spent in this place as a percentage of non-inter-level travel turns spent in this place.
 E = Turns spent auto-exploring this place as a percentage of non-inter-level travel turns spent in this place.
 F = Non-inter-level travel turns spent in this place divided by the number of levels of this place that you've seen.
                   A       B       C       D       E      F
               +-------+-------+-------+-------+-------+----------------------
         Total | 100.0 | 100.0 |   4.2 |   1.4 |  82.1 | 727.4
       Dungeon |  97.2 |  98.5 |   2.9 |   1.4 |  81.9 | 835.7
        Temple |   2.8 |   1.5 |  47.3 |   0.0 |  96.2 |  78.0
               +-------+-------+-------+-------+-------+----------------------

Table legend:
 A = Kills in this place as a percentage of kills in entire the game.
 B = Kills by you in this place as a percentage of kills by you in the entire game.
 C = Kills by friends in this place as a percentage of kills by friends in the entire game.
 D = Other kills in this place as a percentage of other kills in the entire game.
 E = Experience gained in this place as a percentage of experience gained in the entire game.
 F = Experience gained in this place divided by the number of levels of this place that you have seen.
                   A       B       C       D       E      F
               +-------+-------+-------+-------+-------+----------------------
         Total | 100.0 | 100.0 |   N/A |   N/A | 100.0 | 308.0
       Dungeon | 100.0 | 100.0 |   N/A |   N/A | 100.0 | 359.3
               +-------+-------+-------+-------+-------+----------------------
